 Seeded DCSS version 0.28.0-47-ge53b351184 (webtiles) character file.

Game seed: 20220425 (custom seed)

7 jessy the Magician (level 2, 0/21 HPs)
             Began as a Djinni Fire Elementalist on Apr 25, 2022.
             Slain by an endoplasm (2 damage)
             ... on level 1 of the Dungeon.
             The game lasted 00:02:16 (484 turns).

jessy the Magician (Djinni Fire Elementalist)        Turns: 484, Time: 00:02:17

Health: 0/21       AC:  3    Str:  7    XL:     2   Next: 5%
Gold:   0          EV: 11    Int: 16    God:
                   SH:  0    Dex: 13

rFire   + + .      SeeInvis .   b - +2 dagger (holy)
rCold   x . .      Faith    .   (no shield)
rNeg    . . .      Spirit   .   c - +0 leather armour
rPois   ∞          Reflect  .   (no helmet)
rElec   .          Harm     .   (no cloak)
rCorr   .          Rampage  .   (no gloves)
Will    .....                   (boots unavailable)
Stlth   ++........              (no amulet)
HPRegen 0.07/turn               (no ring)
MPRegen 0.00/turn               (no ring)

@: flying
A: sickness immunity, fire resistance 2, cold vulnerability 1, float, innate
caster, HP casting, extra vitality 1
a: no special abilities


You were on level 1 of the Dungeon.
You visited 1 branch of the dungeon, and saw 1 of its levels.

Inventory:

Hand Weapons
 b - a +2 dagger of holy wrath (weapon)
Armour
 a - a +0 robe
 c - a +0 leather armour (worn)
Scrolls
 d - a scroll of identify {unknown}


   Skills:
 + Level 2.3 Dodging
 + Level 1.5 Stealth
 + Level 2.7 Spellcasting


You couldn't memorise any spells.
You knew the following spells:

 Your Spells              Type           Power      Damage    Failure   Level
a - Foxfire               Conj/Fire      40%        2x1d6     10%         1
b - Scorch                Fire           20%        2d6       14%         2
c - Conjure Flame         Conj/Fire      10%        6-21      28%         3
d - Inner Flame           Hex/Fire       10%        N/A       28%         3
e - Flame Wave            Conj/Fire      10%        2d5       67%         4
Your spell library was empty.

Dungeon Overview and Level Annotations

Branches:
Dungeon (1/15)

Altars:


Innate Abilities, Weirdness & Mutations

You are immune to sickness and miasma.
You are immune to poison.
Your flesh is very heat resistant. (rF++)
You are vulnerable to cold. (rC-)
You float through the air rather than walking.
You learn spells naturally, not from books.
Your magical power is your life essence.
You have superior vitality. (+4 MHP)


Message History

The quokka bites you.
You hit the quokka.
The quokka is almost dead.
The quokka closely misses you.
You barely miss the quokka.
The quokka is almost dead.
The quokka closely misses you. The quokka bites you.
You hit the quokka but do no damage.
The quokka is almost dead.
The quokka bites you.
* * * LOW HITPOINT WARNING * * *
You closely miss the quokka.
The quokka is almost dead.
The quokka bites you but does no damage.
You barely miss the quokka.
The quokka is almost dead.
The quokka closely misses you.
There are no items here.
Casting: Foxfire (safe; 10% risk of failure)
Press: ? - help, Q - select action, (/) - cycle Dir - look around, f - activate Look: a quokka (almost dead)
You conjure some foxfire!
* * * LOW HITPOINT WARNING * * *
The quokka misses you.
Unknown command.
Unknown command.
Unknown command.
Your foxfire dissipates!
The foxfire hits the quokka.
You kill the quokka!
You have reached level 2!
Unknown command.
There are no items here.
Casting: Foxfire (safe; 10% risk of failure)
Press: ? - help, Q - select action, (/) - cycle Dir - look around, f - activate Look: an endoplasm You conjure some foxfire!
* * * LOW HITPOINT WARNING * * *
The endoplasm hits you.
You die...

##.####..## ##.##.
#.........###..##.
#..####.##...#....
#..####.#########.
#.......# #.
#.####### #. #.##
###. #vJ# #...
#@#.# ###. #v###..
#P# #.# #... #. ##
.... .# ### .# .P
.. # #P# #


You could see an endoplasm (ally target).

Vanquished Creatures
  A dart slug (D:1)
  A bat (D:1)
  A quokka (D:1)
  A frilled lizard (D:1)
  A rat (D:1)
5 creatures vanquished.

Vanquished Creatures (others)
  5 foxfires (D:1)
  2 plants (D:1)
7 creatures vanquished.

Grand Total: 12 creatures vanquished

Notes
Turn   | Place    | Note
-------+----------+-------------------------------------------
     0 | D:1      | jessy the Djinni Fire Elementalist began the quest for the
                  | Orb.
     0 | D:1      | Reached XP level 1. HP: 15/15 MP: 0/0
   484 | D:1      | Reached XP level 2. HP: 3/21 MP: 0/0
   484 | D:1      | Slain by an endoplasm

Illustrated notes

Levels and vault maps discovered:
D:1:      lightli_arrival_statuegarden, layout_loops_cross,
          dreamdust_ecumenical_altar_hidden_monk_grotto,
          chequers_serial_rivers_marsh

Action                   || total
-------------------------++-------
Melee: Dagger            ||    29
       Unarmed           ||     4
 Cast: Foxfire           ||     5
Armor: Leather armour    ||    12
Dodge: Dodged            ||    28
